[Event "Early-Titled-Tuesday-Blitz-November-28-2023"]
[Site "Chess.com"]
[Date "2023.11.28"]
[Round "5"]
[White "SharapovEvgeny"]
[Black "Goffredo_Fofi"]
[Result "1/2-1/2"]
[WhiteElo "2603"]
[BlackElo "2460"]
[TimeControl "180+1"]
[EndTime "8:58:50 PST"]
[Termination "Game drawn - insufficient material"]

1. e4 g6 2. d4 Bg7 3. Nc3 c6 4.
f4 d5 5. e5 h5 6. Nf3 Nh6 7.
Be3 Bg4 8. Be2 e6 9. O-O Bf8 10. Qd2 Bxf3 11. Bxf3 Be7 12. g3 Nf5 13. Bf2 Qc7 14.
Ne2 Nd7 15. b3 c5 16. c3 cxd4 17. cxd4 Qb6 18. Rfc1 Nb8 19. Rc8+ Bd8 20. Rac1 Ne7 21. R8c2 Nbc6 22. h3 Nf5 23. g4 hxg4 24. hxg4 Nh4 25. Bh1 Be7 26. Ng3 O-O-O 27. a4 Bb4 28. Qd3 Kb8 29.
Qb5 Rc8 30. Qxb6 axb6 31. f5 gxf5 32. gxf5 Rcg8 33. Bg2 Ba3 34. Rd1 Be7 35. f6 Bf8 36. Kf1 Bh6 37. Re2 Bf4 38. Rd3 Rh6 39. Bh3 Bxg3 40.
Rxg3 Rxg3 41. Bxg3 Nxd4 42. Rf2 Ng6 43. Kg2 Nc6 44. Re2 Rh5 45. Bg4 Rg5 46. Kh3 Kc8 47. Rc2 Kd7 48. Rd2 Ngxe5 49. Rxd5+ Kc7 50. Rxe5 Rxe5 51. Bf3 Kd6 52. Bxc6 bxc6 53. Kg2 Kd5 54. Bxe5 Kxe5 55. Kf3 Kd4 56. Kf4 Kc3 57. Ke5 Kxb3 58. Kd6 c5 59. Ke7 c4 60. Kxf7 c3 61. Kxe6 c2 62. f7 c1=Q 63. f8=Q Qe3+ 64. Kd7 Qd4+ 65. Kc6 Qxa4+ 66. Kxb6 Qb4+ 67. Qxb4+ Kxb4 1/2-1/2

[Event "Early-Titled-Tuesday-Blitz-November-28-2023"]
[Site "Chess.com"]
[Date "2023.11.28"]
[Round "5"]
[White "Kotofeyca"]
[Black "SnekkerAndersen"]
[Result "0-1"]
[WhiteElo "2446"]
[BlackElo "2543"]
[TimeControl "180+1"]
[EndTime "8:58:56 PST"]
[Termination "SnekkerAndersen won by resignation"]

1. d4 d6 2. c4 Nf6 3. Nc3 Nbd7 4.
e4 e5 5. Nf3 Be7 6. Be2 O-O 7.
O-O c6 8. Be3 Qc7 9. c5 exd4 10.
cxd6 Bxd6 11. Bxd4 Re8 12. Qc2 Ne5 13. Nxe5 Bxe5 14.
Bxe5 Qxe5 15. f4 Qd4+ 16. Kh1 Nxe4 17. Nxe4 Qxe4 18. Bd3 Qb4 19. a3 Qa5 20. Bxh7+ Kf8 21. b4 Qh5 22. Be4 Be6 23. f5 Bd7 24. f6 gxf6 25.
Rxf6 Qh4 26. Raf1 Re7 27. g3 Qg5 28. Qf2 Be8 29. Bg2 Rd8 30. h4 Qe5 31. Kh2 Rd3 32. Qc2 Qxg3+ 33. Kh1 Rd4 34. Qc5 Qd6 35. Kg1 Qxc5 36.
bxc5 Rxh4 37. Be4 Rhxe4 38. R6f3 Rg4+ 39. Kh2 Ree4 40. Rh3 Rh4 41. Rf3 Rxh3+ 42. Kxh3 Ke7 43. Kg3 Re6 44. Rf2 Re5 45. Rf4 f6 46. Kf2 Bf7 47. Rf3 Be6 48. Rd3 Rd5 49. Rc3 Bf5 50. Rc2 Be4 51. Rb2 Rd7 52. Ke3 f5 53. Kf4 Kf6 54.
Rh2 Rg7 55. Rh6+ Rg6 56. Rh7 Rg4+ 57. Ke3 Ke5 58. Re7+ Kd5 59. Rxb7 Rg3+ 60. Kf4 Rxa3 61. Kg5 Kxc5 62. Rd7 a5 63. Re7 a4 64. Re5+ Kb6 65.
Re8 Rg3+ 66. Kf4 Rf3+ 67. Ke5 a3 68. Rb8+ Kc7 69. Ra8 Kb7 70. Ra4 c5 71. Kd6 Kb6 72.
Rxa3 Rxa3 0-1

[Event "Early-Titled-Tuesday-Blitz-November-28-2023"]
[Site "Chess.com"]
[Date "2023.11.28"]
[Round "5"]
[White "ElVital"]
[Black "Sconko"]
[Result "0-1"]
[WhiteElo "2381"]
[BlackElo "2260"]
[TimeControl "180+1"]
[EndTime "8:58:56 PST"]
[Termination "Sconko won on time"]

1. e4 c5 2. d4 cxd4 3. Qxd4 Nc6 4. Qd3 g6 5. Nc3 Bg7 6. Nf3 d6 7. Be2 Nf6 8. O-O O-O 9. Nd5 Nd7 10. c3 Nc5 11. Qc2 Be6 12. Rd1 h6 13. a4 Rc8 14.
a5 f5 15. Nf4 Bb3 16. Qd2 Nxe4 17. Qe3 Bxd1 18. Bxd1 e5 19. Bb3+ Kh7 20. Ne6 Qe7 21.
Nxf8+ Rxf8 22. Bd5 Nf6 23. c4 e4 24. Nd2 Ng4 25. Qh3 Bd4 26. Nb3 Bxf2+ 27. Kf1 Nce5 28. a6 Bh4 29. g3 Bg5 30. Bf4 Bxf4 31. gxf4 Nf3 32.
Ke2 b6 33. Rd1 Qf6 34. Rb1 g5 35. Qg3 gxf4 36. Qxf4 Qg5 37. Qxg5 hxg5 38. h3 Nge5 39. Rd1 Kg6 40. Nd4 Nxd4+ 41. Rxd4 Nd3 42. Bb7 Nf4+ 43.
Ke3 Rd8 44. b4 Kf6 45. c5 bxc5 46. bxc5 Ke5 47. cxd6 Rxd6 48. Rc4 Rd3+ 49. Kf2 e3+ 50. Ke1 e2 51. Rc1 Kd4 52. Ra1 Ke3 53. Rb1 Rc3 0-1

[Event "Early-Titled-Tuesday-Blitz-November-28-2023"]
[Site "Chess.com"]
[Date "2023.11.28"]
[Round "5"]
[White "Kolle05"]
[Black "seopie"]
[Result "0-1"]
[WhiteElo "2655"]
[BlackElo "2874"]
[TimeControl "180+1"]
[EndTime "8:58:57 PST"]
[Termination "seopie won by resignation"]

1. e4 c5 2. Nf3 d6 3. d4 cxd4 4.
Nxd4 Nf6 5. Nc3 a6 6. Be2 e5 7.
Nb3 Be7 8. O-O O-O 9. Qd3 Be6 10. Bd2 Nbd7 11. Nd5 Bxd5 12. exd5 Rc8 13. c4 b6 14. Rae1 Re8 15. Kh1 Bf8 16. f4 Nc5 17. Nxc5 bxc5 18.
fxe5 dxe5 19. Bg5 Be7 20. Bxf6 Bxf6 21. Bg4 Rb8 22. d6 Rxb2 23. d7 Rf8 24. Qa3 Qb6 25.
Rxf6 gxf6 26. Bf5 Rd8 27. Qh3 Kf8 28. Qxh7 Qd6 29. h3 Rd2 30. Rf1 Rd1 31. Rxd1 Qxd1+ 32. Kh2 Qd4 33. h4 Qxc4 34. h5 Qh4+ 35. Kg1 c4 36.
Qh6+ Ke7 37. Qc1 Qd4+ 38. Kh1 Qh4+ 39. Kg1 Qd4+ 40. Kh1 Rh8 41. g4 e4 42. Qa3+ Qd6 43.
Qe3 Qd1+ 44. Kh2 Qc2+ 45. Kh1 Qb1+ 46. Kh2 Qxa2+ 47. Kh1 Qb1+ 48. Kh2 Qd3 49. Qc5+ Qd6+ 50. Qxd6+ Kxd6 51. Kg3 c3 52. Bxe4 Kxd7 53. Kf3 a5 54. Ke3 Kd6 55. Kd3 Rc8 56. Kc2 Ke5 57. Bf5 Rh8 58.
Kxc3 Rxh5 59. gxh5 Kxf5 0-1

[Event "Early-Titled-Tuesday-Blitz-November-28-2023"]
[Site "Chess.com"]
[Date "2023.11.28"]
[Round "5"]
[White "chesstrainer2042"]
[Black "carokannlover213"]
[Result "1/2-1/2"]
[WhiteElo "2520"]
[BlackElo "2673"]
[TimeControl "180+1"]
[EndTime "8:58:57 PST"]
[Termination "Game drawn - insufficient material"]

1. e4 e5 2. Nf3 Nc6 3. Bc4 Nf6 4. d3 h6 5. c3 d6 6. a4 g5 7.
a5 a6 8. Qb3 Qe7 9. Nbd2 Bg7 10. Nf1 O-O 11. Ne3 Ng4 12. O-O Nxe3 13. fxe3 Rb8 14.
Qc2 Be6 15. Nd2 Kh8 16. b4 f5 17. Bxe6 Qxe6 18. Bb2 f4 19. Nc4 Rf7 20. Qe2 Rbf8 21. d4 exd4 22. exd4 d5 23. Nd2 dxe4 24. Qxe4 Qd7 25.
Rae1 Re7 26. Qg6 Rfe8 27. Nf3 Qd6 28. Qxd6 cxd6 29. h3 Kg8 30. Rxe7 Rxe7 31. Re1 Rxe1+ 32. Nxe1 Kf7 33. g3 fxg3 34. Kg2 Ke6 35. Kxg3 Kd5 36. Kg4 Ne7 37. h4 gxh4 38. Ng2 Bf6 39. Bc1 Bg5 40.
Bf4 Ng6 41. Bxg5 hxg5 42. Kxg5 h3 43. Ne3+ Ke4 44. Ng4 Ne7 45. Kf6 Nd5+ 46. Ke6 Ne3 47. Nf2+ Kf3 48. Nxh3 d5 49. Kd6 Ke2 50. Kc7 Kd3 51.
Kxb7 Kxc3 52. Kxa6 Kxb4 53. Nf4 Ka4 54. Nxd5 Nxd5 55. Kb7 Kxa5 56. Kc6 Nb4+ 57. Kc5 Na6+ 58. Kc6 Nb4+ 59. Kb7 Kb5 60. d5 Na6 61. d6 Nc5+ 62. Kc8 Na4 63. d7 Nb6+ 64. Kb7 Nxd7 1/2-1/2

[Event "Early-Titled-Tuesday-Blitz-November-28-2023"]
[Site "Chess.com"]
[Date "2023.11.28"]
[Round "5"]
[White "laziestwin"]
[Black "LaPiToB"]
[Result "0-1"]
[WhiteElo "2613"]
[BlackElo "2276"]
[TimeControl "180+1"]
[EndTime "8:58:58 PST"]
[Termination "LaPiToB won by checkmate"]

1. d4 Nf6 2. c4 e6 3. Nc3 Bb4 4. Qc2 O-O 5. e4 d5 6. e5 Ne4 7. Nf3 c5 8. Bd3 cxd4 9. Nxd4 Qh4 10. g3 Qh5 11. O-O Bxc3 12. bxc3 Qxe5 13. Bf4 Qh5 14. cxd5 exd5 15. Bxe4 dxe4 16. Qxe4 Nc6 17. Rfe1 Bg4 18. f3 Bd7 19. g4 Qc5 20. Qd3 Rad8 21. Kg2 Be8 22.
Rad1 Nxd4 23. cxd4 Qd5 24. Qb3 Bc6 25. Qxd5 Rxd5 26.
Re7 Rfd8 27. Be3 Kf8 28. Rc7 h6 29. Kf2 Ra5 30. Rd2 Rad5 31. Rb2 a6 32. h4 h5 33. Kg3 hxg4 34. fxg4 Re8 35. Rb3 Re4 36. h5 Kg8 37. g5 Kh7 38. g6+ fxg6 39. h6 Rd7 40. Rxd7 Bxd7 41. hxg7 Kxg7 42. d5 Bc8 43. d6 Re6 44.
Bc5 Kf6 45. Rf3+ Ke5 46. Re3+ Kd5 47. Rxe6 Kxe6 48. Ba3 Kd5 49. Kf4 b5 50. Bb4 Kc4 51.
Ba3 a5 52. Bb2 b4 53. Bc3 Kxc3 54. Kg5 Kb2 55. Kxg6 Kxa2 56. Kf7 b3 57. Ke7 b2 58. d7 Bxd7 59. Kxd7 b1=Q 60. Kd6 Kb2 61. Ke5 a4 62.
Kd4 a3 63. Ke3 a2 64. Kd4 a1=Q 65. Ke3 Qa3+ 66. Kd4 Qbd3+ 67. Ke5 Qc5+ 68. Kf4 Qdd4+ 69. Kg3 Qcc3+ 70. Kg2 Qdd2+ 71. Kf1 Qcc1# 0-1

[Event "Early-Titled-Tuesday-Blitz-November-28-2023"]
[Site "Chess.com"]
[Date "2023.11.28"]
[Round "5"]
[White "BigAl"]
[Black "Arimin1329"]
[Result "0-1"]
[WhiteElo "2542"]
[BlackElo "2397"]
[TimeControl "180+1"]
[EndTime "8:59:00 PST"]
[Termination "Arimin1329 won on time"]

1. Nf3 Nf6 2. g3 b5 3. Bg2 Bb7 4. O-O e6 5. d3 Be7 6. e4 d5 7.
exd5 Nxd5 8. a4 a6 9. Nbd2 Nd7 10. Re1 O-O 11. c3 c5 12. h4 Rc8 13. axb5 axb5 14.
Qb3 Qb6 15. Ne4 N7f6 16. Ne5 Nxe4 17. dxe4 Nf6 18. Bf4 Rfd8 19. Rad1 Rxd1 20. Qxd1 Rd8 21. Qc2 h6 22. f3 Nh5 23. Kh2 Nxf4 24. gxf4 Bxh4 25.
Rg1 Bf6 26. Ng4 Be7 27. Bf1 Kh8 28. Ne5 Kg8 29. Ng4 Kf8 30. e5 Ke8 31. Rg3 c4 32. Bg2 h5 33. Nf2 Bh4 34. Qh7 Bxg3+ 35. Kxg3 g6 36. Qh8+ Kd7 37. Qf6 Rf8 38. Bh3 Qd8 39. Qg7 Qe8 40. Ne4 Bxe4 41. fxe4 Qe7 42. Qh6 Ra8 43. f5 exf5 44. exf5 Qxe5+ 45. Kg2 Qe2+ 46. Kg3 Qd3+ 47. Kg2 Ra2 48. fxg6+ Kc7 49. Qf4+ Kb7 50. Qxf7+ Ka6 51. Bc8+ Kb6 52. Qb7+ Kc5 53. Qc7+ Kd5 54.
Bb7+ Ke6 55. Bc8+ Kf6 56. Qf7+ Kg5 57. Qe7+ Kxg6 58. Qe6+ Kg5 59. Qe5+ Kg6 60. Qe6+ Kg5 61. Qe5+ Kh6 62. Qf6+ Qg6+ 63. Qxg6+ Kxg6 64. Kf3 Rxb2 65. Ke4 Rb3 66. Kd4 Kg5 67. Be6 Kh4 0-1

[Event "Early-Titled-Tuesday-Blitz-November-28-2023"]
[Site "Chess.com"]
[Date "2023.11.28"]
[Round "5"]
[White "chito89"]
[Black "Agibileg"]
[Result "0-1"]
[WhiteElo "2847"]
[BlackElo "2665"]
[TimeControl "180+1"]
[EndTime "8:59:01 PST"]
[Termination "Agibileg won on time"]

1. b3 Nf6 2. Bb2 g6 3. g3 Bg7 4. Bg2 O-O 5. Nf3 d5 6. c4 dxc4 7. bxc4 c5 8. O-O Nc6 9. d3 Bd7 10. Nbd2 Rc8 11. Qb1 Qc7 12. Bc3 Rfd8 13. Qb2 Ne8 14.
Rfb1 b6 15. a4 Nb4 16. a5 bxa5 17. Bxg7 Nxg7 18. Qe5 a4 19. Ne4 Ne6 20. Nxc5 Qxc5 21. Qxc5 Nxc5 22. Rxb4 a5 23. Rb2 Rb8 24. Rba2 Nb3 25.
Re1 Be8 26. Ne5 Rb4 27. Bc6 Nc5 28. d4 f6 29. Bd5+ e6 30. dxc5 exd5 31. Nd3 Rxc4 32. Rb1 Rc8 33. h4 Bd7 34. Rb6 Bf5 35. Nf4 Be4 36.
f3 Bf5 37. Nxd5 R8xc5 38. Nxf6+ Kf7 39. g4 Be6 40. Ne4 Rc1+ 41. Kf2 Bxa2 42. Rb7+ Rc7 43. Rb6 R1c6 44. Rb5 Bb3 45. Rxa5 Re6 46. Ng5+ Kf6 47. Nxe6 Kxe6 48. e4 Kd6 49. f4 Kc6 50. f5 Kb6 51. Ra8 gxf5 52. gxf5 Ra7 53. Rb8+ Kc7 54. Rb4 a3 0-1

[Event "Early-Titled-Tuesday-Blitz-November-28-2023"]
[Site "Chess.com"]
[Date "2023.11.28"]
[Round "5"]
[White "bubeliang"]
[Black "vovachesss"]
[Result "0-1"]
[WhiteElo "2638"]
[BlackElo "2861"]
[TimeControl "180+1"]
[EndTime "8:59:02 PST"]
[Termination "vovachesss won by checkmate"]

1. e4 e5 2. Nc3 Bc5 3. Bc4 d6 4. Nge2 Ne7 5. O-O O-O 6. d3 Be6 7. Bxe6 fxe6 8. Be3 Nd7 9. Ng3 Ng6 10. Nce2 Qh4 11. Qd2 Nf4 12. d4 Nxe2+ 13. Nxe2 exd4 14.
Bxd4 Qxe4 15. Bc3 e5 16. Ng3 Qc4 17. Kh1 Rf4 18. f3 Raf8 19. Rae1 Bb6 20. Ne4 Rxe4 21. b3 Rxe1 22. Qxe1 Qf7 23. Qg3 Nf6 24. Bd2 Ne4 25. Qh3 Nxd2 26. Rd1 Be3 27. c4 e4 28.
Re1 exf3 29. Rxe3 f2 30. Qxh7+ Kxh7 31. Rh3+ Kg8 32. Rh8+ Kxh8 33. h3 Qf5 34. Kh2 Qb1 35.
Kg3 Qxa2 36. Kh2 Qxb3 37. Kh1 Qxc4 38. Kh2 a5 39. Kh1 a4 40. Kh2 a3 41. Kh1 a2 42.
Kh2 a1=N 43. Kh1 b5 44. Kh2 b4 45. Kh1 b3 46. Kh2 b2 47. Kh1 b1=N 48. Kh2 Qe2 49. Kh1 c5 50. Kh2 c4 51. Kh1 c3 52. Kh2 c2 53. Kh1 c1=N 54. Kh2 Ne4 55. Kh1 d5 56. h4 d4 57. h5 d3 58. h6 d2 59.
hxg7+ Kxg7 60. Kh2 d1=N 61. Kh1 f1=N 62. Kg1 Nc5 63. Kh1 N5d3 64. Kg1 Ne1 65. Kh1 Kf6 66. Kg1 Rh8 67. g4 Rg8 68. Kh1 Rg5 69. Kg1 Ke5 70.
Kh1 Kf4 71. Kg1 Kg3 72. Kh1 Rxg4 73. Kg1 Ncd3 74. Kh1 Nbc3 75. Kg1 Nb3 76. Kh1 Nd4 77. Kg1 Ne4 78. Kh1 Nde3 79. Kg1 Ned2 80. Kh1 Nf2+ 81.
Kg1 N4f3# 0-1

[Event "Early-Titled-Tuesday-Blitz-November-28-2023"]
[Site "Chess.com"]
[Date "2023.11.28"]
[Round "5"]
[White "mbojan"]
[Black "Azerichess"]
[Result "0-1"]
[WhiteElo "2849"]
[BlackElo "3048"]
[TimeControl "180+1"]
[EndTime "8:59:04 PST"]
[Termination "Azerichess won on time"]

1. Nf3 d5 2. g3 g6 3. Bg2 Bg7 4. O-O Nf6 5. d3 O-O 6. Nbd2 Nc6 7. c4 e5 8. cxd5 Nxd5 9. Nc4 Re8 10. Bd2 a5 11.
Rc1 h6 12. a3 e4 13. Ne1 exd3 14. Nxd3 a4 15. Ne3 Nb6 16. Bc3 Nd4 17. Re1 c6 18.
Rb1 h5 19. Nc2 Nb3 20. Bxg7 Kxg7 21. Ne3 Qf6 22. Qc2 Nd7 23. Rbd1 Ne5 24. Nxe5 Rxe5 25.
Nc4 Rc5 26. Qd3 Be6 27. Nb6 Re8 28. Nd7 Bxd7 29. Qxd7 Re7 30. Qd8 Rc2 31. Rd7 Rexe2 32. Qxf6+ Kxf6 33. Rxe2 Rxe2 34. Bf1 Re7 35. Rd1 b5 36. f4 Re6 37. Kf2 Ke7 38. f5 Rf6 39.
Bd3 Nd4 40. Re1+ Kd6 41. Rd1 Nxf5 42. Kf3 Nd4+ 43. Ke4 Ne6 44. Bxb5+ Kc7 45. Bc4 Rf2 46. Bxe6 fxe6 47. h4 Rxb2 48. Rd4 Rb3 49. Rxa4 Rxg3 50. Ke5 Rg4 51. Ra7+ Kb6 52. Rg7 c5 53. a4 c4 54.
Kxe6 c3 55. Rg8 Ka5 56. Rc8 Kb4 57. a5 Kxa5 58. Rxc3 Rxh4 59. Rb3 Rg4 60. Ke5 Ka4 61. Rb1 h4 62. Kf6 g5 63. Kf5 Rg3 64. Ke4 h3 65. Kd4 h2 66. Rh1 Rg2 67. Ke3 g4 68. Kf4 g3 69. Rxh2 gxh2 0-1

[Event "Early-Titled-Tuesday-Blitz-November-28-2023"]
[Site "Chess.com"]
[Date "2023.11.28"]
[Round "5"]
[White "ozen_metehan"]
[Black "Aygehovit1992"]
[Result "1/2-1/2"]
[WhiteElo "2450"]
[BlackElo "2720"]
[TimeControl "180+1"]
[EndTime "8:59:05 PST"]
[Termination "Game drawn - insufficient material"]

1. e4 c5 2. Nf3 e6 3. d4 cxd4 4.
Nxd4 Nc6 5. Nc3 Qc7 6. Be3 a6 7. Qd2 Nf6 8. f3 b5 9. O-O-O Bb7 10. Kb1 Ne5 11. g4 Rc8 12. g5 Nh5 13. Be2 Be7 14. f4 Nc4 15. Bxc4 bxc4 16. f5 Bb4 17. Rhe1 Bxc3 18. Qxc3 Bxe4 19. fxe6 dxe6 20. Bf2 Bd5 21. Nf5 O-O 22. Bg3 Qd8 23. Bd6 Qxg5 24. Ne7+ Kh8 25. Nxc8 Rxc8 26. Rg1 Qf5 27. h4 f6 28. Rdf1 Qe4 29. Re1 Qxh4 30. Qa5 c3 31. b3 Ra8 32. Qxc3 a5 33. Bc7 a4 34. Ba5 axb3 35. axb3 Nf4 36. Bc7 Rc8 37. Qa5 Ng6 38. Bg3 Qg4 39. Be5 Qf5 40.
Bb2 Qxc2+ 41. Ka1 Ra8 42. Qxa8+ Bxa8 43. Rc1 Qxc1+ 44. Rxc1 Bb7 45. b4 h5 46. b5 Kh7 47.
Rc7 Bd5 48. Bxf6 Kh6 49. Bxg7+ Kg5 50. b6 h4 51. Bd4 h3 52. Bg1 Ne5 53. b7 Bxb7 54.
Rxb7 Nf3 55. Rg7+ Kf4 56. Bf2 h2 57. Bg3+ Ke4 58. Bxh2 Nxh2 59. Kb2 Nf3 60. Kc3 e5 61. Re7 Ke3 62. Rxe5+ Nxe5 1/2-1/2

[Event "Early-Titled-Tuesday-Blitz-November-28-2023"]
[Site "Chess.com"]
[Date "2023.11.28"]
[Round "5"]
[White "OhanyanEminChess"]
[Black "AlexPapasimakopoulos"]
[Result "0-1"]
[WhiteElo "2839"]
[BlackElo "2629"]
[TimeControl "180+1"]
[EndTime "8:59:08 PST"]
[Termination "AlexPapasimakopoulos won by resignation"]

1. e4 e6 2. d4 d5 3. Nc3 Bb4 4.
e5 c5 5. Bd2 Ne7 6. Nb5 Bxd2+ 7. Qxd2 O-O 8. c3 Nbc6 9. f4 Nf5 10. dxc5 f6 11. exf6 Qxf6 12. Nf3 a6 13. Na3 Nfe7 14.
g3 e5 15. Nxe5 Nxe5 16. fxe5 Qxe5+ 17. Qe2 Qg5 18. Qd2 Qe5+ 19. Qe2 Qc7 20. O-O-O Qxc5 21. Bg2 Bf5 22. Rhf1 Rae8 23. Qe5 Be4 24. Rxf8+ Rxf8 25. Bxe4 Qe3+ 26. Rd2 Rf1+ 27. Kc2 Qxe4+ 28. Qxe4 dxe4 29. Re2 Nd5 30. Rxe4 Rf2+ 31. Kb3 Rxh2 32. c4 Nf6 33. Re7 Rh3 34. Rxb7 Rxg3+ 35. Ka4 h5 36. c5 Rg4+ 37. b4 Nd5 38. c6 h4 39. c7 Nxc7 40. Rxc7 h3 41.
Rc1 Rh4 42. Nc2 g5 43. Ne3 g4 44. Rh1 g3 45. Rg1 h2 46. Rh1 Kf7 47. Ka5 Ke6 48. a3 Rh6 49. Kxa6 Ke5+ 50. Ka5 Ke4 51. Ng4 Rh5+ 52.
Ka4 Kf4 53. Nxh2 gxh2 54. b5 Ke5 55. Ka5 Kd6 56. Ka6 Kc7 57. a4 Kb8 58. a5 Rh6+ 59. b6 Rh5 60. Re1 Rh8 61. Rh1 Rh5 62. Rc1 h1=Q 63.
Rxh1 Rxh1 64. Kb5 Rh5+ 65. Ka6 Rg5 66. b7 Rg6+ 0-1

[Event "Early-Titled-Tuesday-Blitz-November-28-2023"]
[Site "Chess.com"]
[Date "2023.11.28"]
[Round "5"]
[White "GaiozNigalidze"]
[Black "Nitzan_Steinberg"]
[Result "1-0"]
[WhiteElo "2685"]
[BlackElo "2891"]
[TimeControl "180+1"]
[EndTime "8:59:10 PST"]
[Termination "GaiozNigalidze won on time"]

1. d4 Nf6 2. c4 e6 3. Nf3 d5 4. Nc3 Bb4 5. cxd5 exd5 6. Bg5 h6 7. Bxf6 Qxf6 8. Qb3 c5 9. dxc5 Nc6 10. e3 O-O 11.
Be2 Be6 12. Qc2 Bxc5 13. O-O Rfd8 14. Rfd1 Rac8 15. Rac1 Bb6 16. Qa4 g6 17. a3 d4 18.
exd4 Nxd4 19. Nxd4 Rxd4 20. Rxd4 Bxd4 21. Bf3 Bxc3 22. bxc3 Rxc3 23. Re1 Rxf3 24. gxf3 Qxf3 25. Re3 Qd5 26. Qc2 Qg5+ 27. Rg3 Qe5 28. Re3 Qa1+ 29.
Kg2 b6 30. Qc7 Qd4 31. Qc3 Bd5+ 32. f3 Qxc3 33. Rxc3 Kg7 34. Rc7 a6 35. Ra7 Bc4 36. Rb7 b5 37. Ra7 Kf6 38. Rxa6+ Ke5 39. Ra7 h5 40. Rd7 Bd5 41. Kf2 Kd4 42. Ke2 Kc4 43.
Ke3 Be6 44. Rb7 Kc5 45. Kf4 Bd5 46. Rb8 Kc4 47. Ke3 Be6 48. f4 Bd5 49. Rb6 Kc5 50.
Rb8 Be6 51. Ke4 Bd5+ 52. Ke5 Bc4 53. Kf6 Kd4 54. Re8 Kc3 55. Re7 Kb2 56. Ra7 Bb3 57.
h4 Bc4 58. f5 Bd3 59. fxg6 fxg6 60. Kg5 Kb3 61. Kf4 Bc4 62. Ke5 Bd3 63. Kd4 Bc4 64.
Kc5 Kb2 65. Kb4 Bd3 66. Rd7 Bc4 67. Rd4 Kc2 68. Rd6 1-0

[Event "Early-Titled-Tuesday-Blitz-November-28-2023"]
[Site "Chess.com"]
[Date "2023.11.28"]
[Round "5"]
[White "FoxOnTheRun97"]
[Black "KNVB"]
[Result "1-0"]
[WhiteElo "2576"]
[BlackElo "2724"]
[TimeControl "180+1"]
[EndTime "8:59:13 PST"]
[Termination "FoxOnTheRun97 won on time"]

1. d4 e5 2. dxe5 Nc6 3. Nf3 Qe7 4. g3 Nxe5 5. Nxe5 Qxe5 6. Bg2 Bc5 7. O-O Nf6 8. Nc3 d6 9. Bf4 Qh5 10. e4 Bg4 11.
Qd3 O-O 12. Rfe1 Rfe8 13. Nd5 Nxd5 14. exd5 a6 15. Be3 Qe5 16. c3 Bxe3 17. Rxe3 Qf5 18.
Be4 Qh5 19. Rae1 Bd7 20. Bf3 Qg5 21. h4 Qf6 22. Bg2 Rxe3 23. Rxe3 Re8 24. Rxe8+ Bxe8 25.
Qe3 Qd8 26. Bh3 b6 27. b4 h6 28. Bf1 a5 29. bxa5 bxa5 30. Qa7 a4 31. Bd3 Kf8 32. a3 Qe7 33. Kg2 g6 34. Qa8 Kg7 35. Qa7 Qf6 36. Qxc7 Qe5 37. Qc4 Bd7 38. Be2 g5 39. hxg5 hxg5 40.
Bf3 f5 41. Qc7 Qe7 42. Qa7 f4 43. Qd4+ Qf6 44. Qxf6+ Kxf6 45. Kf1 Bb5+ 46. Be2 Bxe2+ 47. Kxe2 Ke5 48. gxf4+ gxf4 49. Kf3 Kxd5 50. Kxf4 Kc4 51. Kg5 Kxc3 52. f4 d5 53. f5 d4 54. f6 d3 55. f7 d2 56. f8=Q d1=Q 57. Qb4+ Kd3 58. Qd6+ Ke2 59. Qe5+ Kd2 60. Qd4+ Kc1 61. Qa1+ Kc2 62.
Qa2+ Kc3 63. Kf6 Qd4+ 64. Ke7 Qe4+ 65. Kd8 Qd4+ 66. Ke7 Qc4 67. Qb1 Qe4+ 68. Qxe4 1-0

[Event "Early-Titled-Tuesday-Blitz-November-28-2023"]
[Site "Chess.com"]
[Date "2023.11.28"]
[Round "5"]
[White "Byniolus"]
[Black "wqws"]
[Result "1-0"]
[WhiteElo "2814"]
[BlackElo "2592"]
[TimeControl "180+1"]
[EndTime "8:59:15 PST"]
[Termination "Byniolus won by checkmate"]

1. d4 Nf6 2. Nf3 g6 3. Bf4 Bg7 4. e3 O-O 5. Be2 b6 6. h3 Bb7 7. O-O d6 8. Bh2 Nbd7 9. a4 a6 10. c3 c5 11. Nbd2 Rc8 12. Bd3 Re8 13. Qe2 Ra8 14. e4 e5 15. dxe5 Nxe5 16. Nxe5 dxe5 17. Rfd1 Nh5 18. Bc4 Qe7 19. Bd5 Rad8 20. Nc4 b5 21.
axb5 Bxd5 22. exd5 axb5 23. Na5 Qg5 24. Nc6 Rc8 25. Qxb5 e4 26. Qxc5 e3 27. fxe3 Bf8 28. Qd4 Rxe3 29. Qg4 Bc5 30. Kh1 Qxg4 31. hxg4 Ng3+ 32.
Bxg3 Rxg3 33. b4 Bd6 34. c4 Rxg4 35. c5 Rh4+ 36. Kg1 Bh2+ 37. Kf2 Rf4+ 38. Ke3 Re8+ 39. Kd3 Rg4 40. d6 Rg3+ 41. Kc4 Rxg2 42. d7 Rf8 43. d8=Q Rxd8 44. Rxd8+ Kg7 45. Rd3 h5 46. b5 h4 47. b6 g5 48. b7 g4 49. Rh1 Rc2+ 50. Rc3 Rxc3+ 51. Kxc3 Bc7 52. Rxh4 f5 53. b8=Q Bxb8 54. Nxb8 g3 55. Rh1 f4 56. Kd3 f3 57. Ke3 f2 58. Kf3 Kf6 59. Kxg3 Ke5 60. Kxf2 Kd5 61. c6 Kd6 62. Rh7 Kc5 63. c7 Kb4 64.
c8=Q Kb5 65. Rb7+ Ka4 66. Qc4+ Ka3 67. Qa6# 1-0

[Event "Early-Titled-Tuesday-Blitz-November-28-2023"]
[Site "Chess.com"]
[Date "2023.11.28"]
[Round "5"]
[White "LizardMorrison"]
[Black "ArtemDyachuk"]
[Result "1-0"]
[WhiteElo "2215"]
[BlackElo "2512"]
[TimeControl "180+1"]
[EndTime "8:59:15 PST"]
[Termination "LizardMorrison won by checkmate"]

1. Nf3 d5 2. c4 c6 3. g3 Nf6 4. Bg2 Bf5 5. O-O e6 6. d4 h6 7.
Nc3 Be7 8. Re1 O-O 9. Nd2 Bh7 10. e4 dxe4 11. Ndxe4 Nxe4 12. Nxe4 Nd7 13. Be3 Nf6 14. Nxf6+ Bxf6 15. Qd2 c5 16. d5 exd5 17. cxd5 Qb6 18.
Rac1 Rac8 19. b3 Qb4 20. Qxb4 cxb4 21. Bxa7 Bc3 22. Red1 Ra8 23. Bb6 Bf5 24. a4 Bg4 25. Rd3 Bf5 26. Rdd1 Ra6 27. Bd4 Rc8 28. Bf1 Rd6 29.
Bc4 Rxc4 30. bxc4 Bxd4 31. Rxd4 b3 32. Rd2 Bc2 33. Rdxc2 bxc2 34. Rxc2 Ra6 35. Ra2 Kf8 36. Kf1 Ke7 37. Ke2 Kd6 38. Kd3 Kc5 39. Rb2 Rxa4 40.
Rb5+ Kd6 41. Rxb7 Ke5 42. Re7+ Kf6 43. Rc7 Ra2 44. Ke3 Ra3+ 45. Ke2 Ra2+ 46. Kf3 h5 47. c5 Rd2 48. d6 g5 49. Rc8 g4+ 50.
Kg2 h4 51. Re8 h3+ 52. Kf1 Rd5 53. c6 Rxd6 54. c7 Rd1+ 55. Ke2 Ra1 56. c8=Q Ra3 57. Qc6+ Kg7 58. Rg8+ Kxg8 59. Qe8+ Kg7 60. Qe5+ Kf8 61. Qd6+ Kg8 62. Qxa3 f5 63. Qa5 f4 64. gxf4 g3 65.
fxg3 Kf7 66. Qb6 Kg7 67. Qe6 Kf8 68. Qd7 Kg8 69. Qe7 Kh8 70. Kf3 Kg8 71. Kg4 Kh8 72.
Kg5 Kg8 73. Kg6 Kh8 74. Qg7# 1-0

[Event "Early-Titled-Tuesday-Blitz-November-28-2023"]
[Site "Chess.com"]
[Date "2023.11.28"]
[Round "5"]
[White "esrosenberg"]
[Black "infantaria08"]
[Result "0-1"]
[WhiteElo "2387"]
[BlackElo "2224"]
[TimeControl "180+1"]
[EndTime "8:59:16 PST"]
[Termination "infantaria08 won by resignation"]

1. Nf3 Nc6 2. d4 d5 3. Bf4 Bf5 4. a3 e6 5. e3 Bd6 6. Bg3 Nf6 7. c4 Ne4 8. Nbd2 Nxg3 9. hxg3 h6 10. Rc1 Rc8 11.
cxd5 exd5 12. Bb5 Bd7 13. Qa4 a6 14. Bxc6 Bxc6 15. Rxc6 bxc6 16. Qxc6+ Qd7 17. Qxd5 O-O 18.
Kf1 Rb8 19. b4 Rb5 20. Qe4 a5 21. Rh4 axb4 22. axb4 Qf5 23. Kg1 Qxe4 24. Nxe4 Rxb4 25. Nxd6 cxd6 26. Rh5 Rb1+ 27. Kh2 Rb2 28. Kg1 Ra8 29. Rd5 Ra1+ 30. Kh2 Rxf2 31. Rxd6 Raa2 32. Ne5 Rxg2+ 33. Kh3 f6 34. Rd8+ Kh7 35. Nf7 g5 36. Kg4 Kg6 37. Nh8+ Kg7 38. Kf5 Raf2+ 39. Ke6 Rxg3 40. e4 Re3 41. e5 fxe5 42. dxe5 Rfe2 43. Nf7 g4 44. Rd7 Kg6 45. Rd8 Kh5 46. Rh8 Kh4 47. Rxh6+ Kg3 48. Rg6 Ra3 49. Nd6 Ra5 50. Nf5+ Kf4 51. Nd6 Raxe5+ 52. Kd7 Re7+ 53. Kc6 Rc2+ 54. Kd5 Rd2+ 55. Kc5 Rxd6 56.
Kxd6 Re3 57. Kd5 Kf3 58. Kd4 Re8 59. Rf6+ Kg2 60. Rg6 g3 61. Kd3 Kg1 62. Kd2 g2 63. Kd1 Rf8 64. Ke1 Re8+ 65. Kd1 Re4 66. Kd2 Kf2 67.
Rf6+ Kg3 68. Rg6+ Rg4 69. Rxg4+ Kxg4 70. Ke2 g1=Q 71. Kd3 Qg3+ 72. Ke2 Qf3+ 73. Ke1 Kf4 74. Kd2 Ke4 75. Ke1 Qg2 76. Kd1 Kd3 0-1